 Dungeon Crawl Stone Soup version 0.19-a0-1895-g783e625 (webtiles) character file.

1888 lorenzova the Nimble (level 9, -3/72 HPs)
             Began as a Merfolk Skald on Oct 18, 2016.
             Was an Initiate of Yredelemnul.
             Killed by nerve-wracking pain
             ... invoked by an orc priest
              (5 damage)
             ... on level 8 of the Dungeon.
             The game lasted 00:13:49 (8963 turns).

lorenzova the Nimble (Merfolk Skald)                Turns: 8963, Time: 00:13:50

Health: -3/72      AC:  7    Str: 15    XL:     9   Next: 15%
Magic:  11/15      EV: 20    Int: 11    God:    Yredelemnul [......]
Gold:   424        SH:  0    Dex: 14    Spells: 2 memorised, 14 levels left

rFire  . . .     SeeInvis .     p - +0 trident
rCold  . . .     Gourm    .     w - +2 robe {rN+}
rNeg   + . .     Faith    .     (no shield)
rPois  .         Spirit   .     r - +1 helmet
rElec  .         Reflect  .     t - +0 cloak
rCorr  .         Harm     .     (no gloves)
MR     .....                    (no boots)
Stlth  +.........               (no amulet)
                                (no ring)
                                A - +3 ring of evasion

@: infused, singing (expiring), drained
A: change form in water, swift swim, stealthy swim
a: Renounce Religion, Stop Singing


You were on level 8 of the Dungeon.
You worshipped Yredelemnul.
Yredelemnul was noncommittal.
You were very hungry.

You visited 2 branches of the dungeon, and saw 9 of its levels.

You collected 424 gold pieces.

Inventory:

Hand Weapons
 a - a +0 spear
 p - a +0 trident (weapon)
Armour
 b - a +0 leather armour
 l - a +1 chain mail of positive energy
 r - a +1 helmet (worn)
 t - a +0 cloak (worn)
 w - a +2 robe of positive energy (worn)
Jewellery
 A - a +3 ring of evasion (left hand)
Wands
 y - a wand of iceblast (5/15)
 H - a wand of digging (4/24)
Scrolls
 f - 5 scrolls of recharging {unknown}
 j - 2 scrolls of identify
 n - 2 scrolls of magic mapping {unknown}
 o - 3 scrolls of teleportation {unknown}
 s - 5 scrolls of remove curse {unknown}
 x - a scroll of enchant weapon {unknown}
 C - a scroll of amnesia {unknown}
 F - a scroll of fear {unknown}
Potions
 e - a potion of degeneration
 g - a potion of resistance
 h - 2 potions of curing
 i - a potion of might
 m - 2 potions of haste
 q - 2 potions of agility {unknown}
 u - 3 potions of flight
 z - 2 potions of heal wounds {unknown}
 E - a potion of ambrosia {unknown}
 G - a potion of lignification {unknown}
Books
 c - a book of Battle

   Spells                             Type                      Level
   a - Infusion                       Charms                       1
   b - Shroud of Golubria             Charms/Translocation         2
   c - Song of Slaying                Charms                       2
   d - Spectral Weapon                Hexes/Charms                 3
   e - Regeneration                   Charms/Necromancy            3
 D - a book of Changes

   Spells                             Type                      Level
   a - Beastly Appendage              Transmutation                1
   b - Sticks to Snakes               Transmutation                2
   c - Spider Form                    Transmutation/Poison         3
   d - Ice Form                       Ice/Transmutation            4
   e - Blade Hands                    Transmutation                5
Comestibles
 d - 4 bread rations
 k - a fruit
 v - 3 beef jerkies
 B - a slice of pizza


   Skills:
 + Level 7.1(6.9) Fighting
 - Level 6.6(6.3) Polearms
 - Level 0.6(0.4) Armour
 + Level 8.0(7.7) Dodging
 + Level 4.5(4.3) Spellcasting
 + Level 5.9(5.7) Charms


You had 14 spell levels left.
You knew the following spells:

 Your Spells              Type           Power        Failure   Level  Hunger
a - Infusion              Chrm           ##..         2%          1    #......
b - Song of Slaying       Chrm           ##......     3%          2    ##.....


Dungeon Overview and Level Annotations

Branches:
Dungeon (8/15)             Temple (1/1) D:6
   Lair: D:8-11

Altars:
Ashenzari
Cheibriados
Dithmenos
Elyvilon
Fedhas
Gozag
Hepliaklqana
Makhleb
Nemelex Xobeh
Okawaru
Qazlal
Ru
Sif Muna
Trog
Uskayaw
Vehumet
Xom
Yredelemnul
Zin
The Shining One

Shops:
D:5 :


Message History

a flail of draining; a leather armour The orc priest looks braver for a moment.
Something hits you but does no damage.
You are too injured to fight recklessly!
Something hits you.
* * * LOW HITPOINT WARNING * * *
Your song is almost over.
The orc priest misses you.
You are too injured to fight recklessly!
Unknown command.
You are too injured to fight recklessly!
You are too injured to fight recklessly!
You are too injured to fight recklessly!
You puncture the orc priest!
The orc priest is almost dead.
The orc priest misses you. Something completely misses you.
The orc priest calls down the wrath of Beogh upon you.
Pain shoots through your body!
You die...
Your body rises from the dead as a mindless zombie.

##### ### #.#.# # #.#
##.## ### #.# ##)<#
..#####.## ##...#
##.......# ##..o@#
##...<..###..o..##
##...................
#...................
##........#.........
##......##.#.......
#o...####.##.....#
##o...# #.. ......
##.o.#.# ### ......


You could see an orc priest and an orc.

Vanquished Creatures
  Prince Ribbit (D:6)
  Menkaure (D:5)
  2 ogres
  A crocodile (D:7)
  A centaur (D:6)
  Blork the orc (D:5)
  A bullfrog (D:6)
  A scorpion (D:8)
  2 howler monkeys
  2 crimson imps (D:5)
  A centaur zombie (D:6)
  2 bullfrog zombies
  3 orc priests
  A centaur skeleton (D:6)
  2 jellies (D:6)
  2 hounds
  3 iguanas
  Terence (D:2)
  Jessica (D:3)
  3 worker ants
  2 hound skeletons (D:6)
  A worker ant zombie (D:6)
  4 gnolls
  16 adders
  An adder skeleton (D:4)
  An adder zombie (D:6)
  6 worms
  4 dart slugs
  3 leopard geckos
  20 orcs
  7 bats
  A giant cockroach (D:2)
  8 hobgoblins
  14 jackals
  8 kobolds
  4 quokkas
  5 ball pythons
  8 frilled lizards
  9 goblins
  A quokka zombie (D:7)
  5 rats
160 creatures vanquished.

Notes
Turn   | Place    | Note
-------+----------+-------------------------------------------
     0 | D:1      | lorenzova the Merfolk Skald began the quest for the Orb.
     0 | D:1      | Reached XP level 1. HP: 16/16 MP: 3/3
   312 | D:1      | Reached XP level 2. HP: 23/23 MP: 5/5
   316 | D:1      | Learned a level 2 spell: Song of Slaying
   382 | D:1      | Reached skill level 2 in Dodging
   759 | D:2      | Reached XP level 3. HP: 16/28 MP: 6/6
   912 | D:2      | Found a glowing golden altar of the Shining One.
  1062 | D:2      | Found a faded altar of an unknown god.
  1062 | D:2      | Found a hazy altar of Hepliaklqana.
  1069 | D:2      | Found a faded altar of an unknown god.
  1073 | D:2      | Found a faded altar of an unknown god.
  1075 | D:2      | Found a faded altar of an unknown god.
  1135 | D:2      | Noticed Terence
  1153 | D:2      | Killed Terence
  1153 | D:2      | Reached XP level 4. HP: 26/35 MP: 0/7
  1281 | D:2      | Reached skill level 3 in Dodging
  1319 | D:2      | Found a sacrificial altar of Ru.
  1434 | D:2      | Reached skill level 5 in Polearms
  1712 | D:2      | Reached XP level 5. HP: 19/41 MP: 8/8
  2850 | D:3      | Found a blossoming altar of Fedhas.
  3125 | D:3      | Noticed an ogre
  3129 | D:3      | Killed an ogre
  3129 | D:3      | Reached skill level 4 in Dodging
  3129 | D:3      | Reached XP level 6. HP: 32/49 MP: 4/9
  3233 | D:3      | Noticed Jessica
  3248 | D:3      | Killed Jessica
  3251 | D:3      | Found a glowing silver altar of Zin.
  3477 | D:3      | Reached skill level 5 in Dodging
  3538 | D:3      | Found a burning altar of Makhleb.
  4344 | D:4      | Reached XP level 7. HP: 53/55 MP: 10/10
  4571 | D:4      | Reached skill level 5 in Fighting
  4684 | D:5      | Entered Level 5 of the Dungeon
  4738 | D:5      | Found Asymeshi's Book Shoppe.
  4769 | D:5      | Noticed Blork the orc
  4795 | D:5      | Killed Blork the orc
  5482 | D:5      | Noticed Menkaure
  5623 | D:6      | Found a staircase to the Ecumenical Temple.
  5631 | Temple   | Entered the Ecumenical Temple
  5818 | D:6      | Noticed Prince Ribbit
  5833 | D:6      | Killed Prince Ribbit
  5833 | D:6      | Reached skill level 6 in Dodging
  5833 | D:6      | Reached XP level 8. HP: 21/64 MP: 6/12
  6241 | D:6      | Found a hide-covered altar of Uskayaw.
  6419 | D:6      | Reached skill level 5 in Charms
  6543 | D:6      | Reached skill level 7 in Dodging
  7515 | D:7      | Found a basalt altar of Yredelemnul.
  7552 | D:7      | Became a worshipper of Yredelemnul the Dark
  7717 | D:5      | Killed Menkaure
  7717 | D:5      | Reached XP level 9. HP: 8/71 MP: 9/15
  8955 | D:8      | HP: 1/72 [orc priest/divine providence (12)]
  8957 | D:8      | Reached skill level 8 in Dodging
  8960 | D:8      | HP: 1/72 [something (1)]
  8963 | D:8      | Killed from afar by an orc priest

Vault maps used:
D:1:      dpeg_arrival_rooms_c
D:2:      chequers_temple_overflow_minitemple, overflow_temple_1_default,
          lemuel_doored_altar, first_bread, grunt_ministairs_5, uniq_terence
D:3:      lemuel_crystal_altar, old_standard_altar, lightli_temple_of_fire,
          uniq_jessica
D:5:      serial_shops, shop, uniq_blork_the_orc, uniq_menkaure
D:6:      kennysheep_mini, uniq_prince_ribbit1
D:7:      nicolae_overflow_crystal_walls
D:8:      nicolae_overflow_hidden_temple, lair_0_dummy, basic_altar,
          chequers_big_river
Temple:   hc_temple_tempest_star

Skill      XL: |  1  2  3  4  5  6  7  8  9 |
---------------+----------------------------+-----
Dodging        | 2 3 4 5 6 7 8 |  8.0
Polearms       | 4 5 6 |  6.6
Fighting       | 3 4 5 6 7 |  7.1
Charms         | 4 5 |  5.9
Spellcasting   | 3 4 |  4.5
Armour         | |  0.6

Action                   |  1- 3 |  4- 6 |  7- 9 || total
-------------------------+-------+-------+-------++-------
Melee: Spear             |   162 |   178 |       ||   340
       Trident           |       |    98 |   409 ||   507
 Cast: Infusion          |     2 |    10 |    18 ||    30
       Song of Slaying   |       |       |     4 ||     4
  Use: Scroll            |     1 |       |     8 ||     9
 Stab: Sleeping          |     1 |     2 |     1 ||     4
       Distracted        |       |     1 |       ||     1
  Eat: Chunk             |     1 |     8 |    13 ||    22
       Pizza             |       |     1 |       ||     1
       Fruit             |       |       |     3 ||     3
Armor: Leather armour    |    26 |    41 |     3 ||    70
       Robe              |       |       |    48 ||    48
Dodge: Dodged            |    75 |   133 |   240 ||   448
